 Dungeon Sprint DCSS version 0.28.0-1-gb440e238dd (webtiles) character file.

Game seed: 11536416467929168042

621 cbfl8 the Cleaver (level 7, -5/111 HPs)
             Began as a Minotaur Berserker on Feb 27, 2022.
             Was a Believer of Trog.
             Slain by a centaur warrior (9 damage)
             ... in the Dungeon (Sprint I: "Red Sonja").
             The game lasted 00:01:32 (1266 turns).

cbfl8 the Cleaver (Minotaur Berserker)              Turns: 1266, Time: 00:01:32

Health: -5/111     AC: 11    Str: 23    XL:     7   Next: 22%
Magic:  6/6        EV: 10    Int:  4    God:    Trog [**....]
Gold:   297        SH:  0    Dex: 10    Spells: 6/6 levels left

rFire   . . .      SeeInvis .   j - +0 scythe
rCold   + . .      Faith    .   (shield currently unavailable)
rNeg    . . .      Spirit   .   i - +1 chain mail {rC+}
rPois   .          Reflect  .   (helmet restricted)
rElec   .          Harm     .   (no cloak)
rCorr   .          Rampage  .   (no gloves)
Will    ++...      NoTele   +   (no boots)
Stlth   ..........              (no amulet)
HPRegen 1.28/turn               (no ring)
MPRegen 0.10/turn               (no ring)

@: berserking, strong-willed, regenerating, slow
A: horns 2, retaliatory headbutt
a: Renounce Religion, Berserk, Trog's Hand


You were in the Dungeon.
You worshipped Trog.
Trog was pleased with you.
You visited 1 branch You collected 297 gold pieces.

Inventory:

Hand Weapons
 a - a +0 hand axe
 j - a +0 scythe (weapon)
 k - a +0 long sword
Armour
 b - a +0 animal skin
 i - a +1 chain mail of cold resistance (worn)
Wands
 g - a wand of flame (41)
Scrolls
 h - a scroll of blinking
Potions
 c - a potion of curing
 d - a potion of heal wounds
 e - a potion of haste
 f - 2 potions of magic


   Skills:
 + Level 11.4 Fighting
 + Level 11.7(12.2) Axes
 + Level 4.9(9.0) Polearms
 + Level 7.3 Armour
 + Level 5.7 Dodging


You had 6 spell levels left.
You didn't know any spells.
Your spell library was empty.

Dungeon Overview and Level Annotations

Branches:
Dungeon (1/1)

Altars:
Cheibriados
Dithmenos
Elyvilon
Fedhas
Gozag
Hepliaklqana
Kikubaaqudgha
Makhleb
Nemelex Xobeh
Okawaru
Qazlal
Ru
Sif Muna
Trog
Uskayaw
Vehumet
Wu Jian
Xom
Yredelemnul
Zin
The Shining One
Jiyva
Lugonu

Shops:
D [


Innate Abilities, Weirdness & Mutations

You have a pair of horns on your head.
You reflexively headbutt those who attack you in melee.


Message History

The centaur warrior moves out of view.
A centaur warrior comes into view.
Found a scroll labelled DASAT LARRUMI.
The centaur warrior moves out of view.
There is an open door here.
You enter the shallow water.
Moving in this stuff is going to be slow.
Found a scroll labelled DASAT LARRUMI.
The centaur warrior shouts! x2
The centaur warrior wields a +0 shortbow.
The centaur warrior shoots an arrow.
The arrow hits you!
The centaur warrior wields a +0 longbow.
The centaur warrior shoots an arrow.
The arrow hits you!
The centaur warrior shoots an arrow.
The arrow hits you!!
The centaur warrior shoots an arrow.
The arrow hits you!
* * * LOW HITPOINT WARNING * * *
Your skin crawls.
You feel strong-willed.
A red film seems to cover your vision as you go berserk!
You feel yourself moving faster!
You feel mighty!
The centaur warrior unwields a +0 shortbow.
The centaur warrior hits you!
* * * LOW HITPOINT WARNING * * *
The centaur warrior closely misses you.
The centaur warrior unwields a +0 longbow.
The centaur warrior hits you.
* * * LOW HITPOINT WARNING * * *
The centaur warrior kicks you.
* * * LOW HITPOINT WARNING * * *
The centaur warrior hits you.
* * * LOW HITPOINT WARNING * * *
The centaur warrior kicks you but does no damage.
The centaur warrior hits you but does no damage.
The centaur warrior kicks you.
* * * LOW HITPOINT WARNING * * *
Your unstable footing causes you to fumble your attack.
The centaur warrior hits you!
* * * LOW HITPOINT WARNING * * *
The centaur warrior kicks you but does no damage.
The centaur warrior hits you!
You die...

#################
.#..)..#..'..#__#
.').#..'[.#..'..+
.#####'#####'#__####
.####..#...#.####??#
.#__####..##)#§§§§.#
.#_____##'#_.'§§@c.+
⌠#_.∩...'..._#§§§c.#
##_..__##_.#'##+####
#_____###+#.#
####### ###


You could see 2 centaur warriors.

Vanquished Creatures
  A slime creature (D)
  Sigmund (D)
  A yak (D)
  An ogre (D)
  A jelly (D)
  Ijyb (D)
6 creatures vanquished.

Notes
Turn   | Place    | Note
-------+----------+-------------------------------------------
     0 | D        | cbfl8 the Minotaur Berserker began the quest for the Orb.
     0 | D        | Reached XP level 1. HP: 19/19 MP: 0/0
     2 | D        | Noticed Ijyb
     9 | D        | Killed Ijyb
    10 | D        | Reached skill level 5 in Fighting
    10 | D        | Reached skill level 5 in Axes
    10 | D        | Reached XP level 2. HP: 22/29 MP: 1/1
   270 | D        | Noticed an ogre
   280 | D        | Killed an ogre
   281 | D        | Reached XP level 3. HP: 28/39 MP: 2/2
   281 | D        | Reached XP level 4. HP: 34/47 MP: 3/3
   377 | D        | Noticed Sigmund
   392 | D        | Killed Sigmund
   392 | D        | Reached ** piety under Trog
   393 | D        | Reached skill level 5 in Armour
   393 | D        | Reached XP level 5. HP: 37/58 MP: 4/4
   616 | D        | Found a burning altar of Makhleb.
   616 | D        | Found a viscous altar of Jiyva.
   616 | D        | Found a shimmering altar of Xom.
   616 | D        | Found a corrupted altar of Lugonu.
   616 | D        | Noticed a slime creature
   621 | D        | HP: 1/58 [slime creature (14)]
   624 | D        | Killed a slime creature
   625 | D        | Reached skill level 10 in Fighting
   625 | D        | Reached skill level 5 in Dodging
   625 | D        | Reached XP level 6. HP: 2/67 MP: 5/5
  1043 | D        | Found an ornate altar of the Wu Jian Council.
  1043 | D        | Found a shimmering blue altar of Sif Muna.
  1045 | D        | Found a radiant altar of Vehumet.
  1092 | D        | Found Ebratz's Antique Armour Emporium.
  1092 | D        | Found an ancient bone altar of Kikubaaqudgha.
  1092 | D        | Found a hazy altar of Hepliaklqana.
  1092 | D        | Found a stormy altar of Qazlal.
  1092 | D        | Found a hide-covered altar of Uskayaw.
  1092 | D        | Found a blossoming altar of Fedhas.
  1092 | D        | Found a bloodstained altar of Trog.
  1092 | D        | Found an iron altar of Okawaru.
  1092 | D        | Found a basalt altar of Yredelemnul.
  1092 | D        | Found a glowing golden altar of the Shining One.
  1092 | D        | Found a snail-covered altar of Cheibriados.
  1092 | D        | Found a sacrificial altar of Ru.
  1092 | D        | Found a glowing silver altar of Zin.
  1092 | D        | Found a shadowy altar of Dithmenos.
  1092 | D        | Found a white marble altar of Elyvilon.
  1092 | D        | Noticed a yak
  1096 | D        | Killed a yak
  1096 | D        | Reached *** piety under Trog
  1097 | D        | Reached XP level 7. HP: 47/74 MP: 6/6
  1219 | D        | Found an opulent altar of Gozag.
  1220 | D        | Found a sparkling altar of Nemelex Xobeh.
  1259 | D        | Noticed a centaur warrior
  1260 | D        | Noticed a centaur warrior
  1266 | D        | HP: 4/111 [centaur warrior (10)]
  1266 | D        | Slain by a centaur warrior

Illustrated notes

Levels and vault maps discovered:
D:        dungeon_sprint_1 [red_sonja_temple_1, red_sonja_temple_small_1]

Skill      XL: |  1  2  3  4  5  6 |
---------------+-------------------+-----
Fighting       | 5 7 9 10 11 | 11.4
Axes           | 5 7 9 11 | 11.7
Armour         | 3 4 5 6 7 |  7.3
Dodging        | 3 4 5 |  5.7
Polearms       | 3 4 |  4.9

Action                   |  1- 3 |  4- 6 |  7- 9 || total
-------------------------+-------+-------+-------++-------
Melee: Hand axe          |    14 |    10 |       ||    24
       Headbutt          |     2 |     3 |       ||     5
       Punch             |     1 |       |       ||     1
       Scythe            |       |    14 |     1 ||    15
Invok: Berserk           |       |       |     1 ||     1
       Trog's Hand       |       |       |     1 ||     1
  Use: Potion            |     1 |       |       ||     1
Armor: Chain mail        |     1 |     6 |     3 ||    10
Dodge: Dodged            |     6 |    12 |     1 ||    19
